 Dungeon Crawl Stone Soup version 0.28-a0-1613-gdaab1c2f9b (webtiles) character file.

Game seed: 8681204477974559478

166416 Shayle the Warrior (level 17, -3/226 HPs)
             Began as a Demonspawn Warper on Jan 21, 2022.
             Was the Champion of Wu Jian.
             Blown up by an orb spider (58 damage)
             ... with an orb of destruction
             ... on level 4 of the Spider Nest on Jan 22, 2022.
             The game lasted 02:52:46 (38569 turns).

Shayle the Warrior (Demonspawn Warper)             Turns: 38569, Time: 02:52:47

Health: -3/226     AC: 24    Str: 16    XL:     17   Next: 29%
Magic:  21/22      EV: 21    Int: 17    God:    Wu Jian [******]
Gold:   504        SH:  7    Dex: 17    Spells: 10/20 levels left

rFire   + . .      SeeInvis +   u - +14 obsidian axe {vorpal, Mesm Drain Fly SInv}
rCold   + + .      Faith    .   m - +2 buckler {rC+}
rNeg    + . .      Spirit   .   X - +1 troll leather armour of Daisies {+Blink rF+ rN+ Regen+}
rPois   .          Reflect  .   a - +2 helmet {Int+3}
rElec   .          Harm     .   N - +2 cloak {Will+}
rCorr   +          Rampage  .   b - +2 pair of gloves
Will    ++...                   n - +2 pair of boots
Stlth   ..........              U - amulet of regeneration
HPRegen 2.07/turn               i - ring of protection from cold
MPRegen 0.18/turn               O - ring of Huer {rCorr AC+4}

@: berserking (expiring), flying, mesmerised, very quick
A: slimy green scales 2, foul stench 1, powered by death 1, augmentation 1,
weakness stinger 2, high mp 1
a: Renounce Religion, Evoke Blink, Wall Jump, Serpent's Lash, Heavenly Storm


You were on level 4 of the Spider Nest.
You worshipped Wu Jian.
Wu Jian was exalted by your worship.
You visited 6 branches of the dungeon, and saw 29 of its levels.
You visited the Abyss 1 time.
You also visited: Ossuary, Gauntlet and Ice Cave.

You collected 2989 gold pieces.
You spent 2485 gold pieces at shops.

Inventory:

Hand Weapons
 c - the +9 dagger of the Elven Halls {freeze, rPois Will+}
   (You found it on level 12 of the Dungeon)

   It freezes those it strikes, dealing additional cold damage.
   It can also slow down cold-blooded creatures.
   rPois:     It protects you from poison.
   Will:      It increases your willpower.
 u - the +14 obsidian axe (weapon) {vorpal, Mesm Drain Fly SInv}
   (You bought it in a shop on level 4 of the Dungeon)

   It inflicts extra damage upon your enemies.
   It occasionally summons demons to assist the wielder when it strikes in
   combat.
   Its wielder is mesmerised by any visible foes.
   It cannot be unequipped while any foes are visible.
   SInv:      It lets you see invisible.
   Fly:       It grants you flight.
   Drain:     It drains your maximum health when unequipped.
 C - the +7 long sword of Rasugati {vorpal, Drain rF+ Will+ SInv}
   (You found it on level 1 of the Spider Nest)

   It inflicts extra damage upon your enemies.
   rF:        It protects you from fire.
   SInv:      It lets you see invisible.
   Drain:     It drains your maximum health when unequipped.
   Will:      It increases your willpower.
 D - the +10 falchion "With Two Names" {protect, Dex+4}
   (You took it off a meliai on level 1 of the Spider Nest)

   It grants its wielder temporary protection when it strikes (+7 to AC).
   Dex:       It affects your dexterity (+4).
 E - a +3 demon trident of freezing
 I - a +0 dagger of distortion
 R - the +7 mace of the Brain {venom, rElec Dex+5 SInv}
   (You found it on level 7 of the Dungeon)

   It poisons the flesh of those it strikes.
   Dex:       It affects your dexterity (+5).
   rElec:     It insulates you from electricity.
   SInv:      It lets you see invisible.
Missiles
 k - 58 poisoned darts
 o - a throwing net
 x - 6 curare-tipped darts
 M - 2 silver javelins
 S - 3 boomerangs of dispersal (quivered)
 T - 3 silver boomerangs
Armour
 a - a +2 helmet of intelligence (worn)
 b - a +2 pair of gloves (worn)
 m - a +2 buckler of cold resistance (worn)
 n - a +2 pair of boots (worn)
 N - a +2 cloak of willpower (worn)
 X - the +1 troll leather armour of Daisies (worn) {+Blink rF+ rN+ Regen+}
   (You found it in a Gauntlet)

   rF:        It protects you from fire.
   rN:        It protects you from negative energy.
   +Blink:    It lets you blink.
   Regen:     It increases your rate of health regeneration.
Jewellery
 i - a ring of protection from cold (left hand)
 H - an amulet of reflection
 O - the ring of Huer (right hand) {rCorr AC+4}
   (You found it on level 5 of the Lair of Beasts)

   [ring of protection]

   AC:        It affects your AC (+4).
   rCorr:     It protects you from acid and corrosion.
 U - an amulet of regeneration (around neck)
 V - a ring of see invisible
Wands
 g - a wand of mindburst (2)
 s - a wand of acid (4)
 v - a wand of charming (8)
 F - a wand of iceblast (5)
 J - a wand of flame (29)
 K - a wand of digging (4)
Scrolls
 p - 2 scrolls of silence
 y - 4 scrolls of amnesia
 G - 4 scrolls of magic mapping
 L - 4 scrolls of fear
 Q - 5 scrolls of teleportation
 W - 3 scrolls of blinking
 Y - 4 scrolls of identify
Potions
 e - 3 potions of mutation
 f - a potion of might
 h - a potion of resistance
 j - 4 potions of flight
 l - 4 potions of heal wounds
 q - 3 potions of brilliance
 r - 10 potions of lignification
 t - 6 potions of curing
 w - 2 potions of berserk rage
 z - 5 potions of cancellation
 A - 4 potions of magic
 B - 3 potions of invisibility
 P - 5 potions of haste
Miscellaneous
 d - a tin of tremorstones (2/2)
 Z - a condenser vane


   Skills:
 + Level 18.8 Fighting
 - Level 1.7(9.1) Axes
 + Level 13.8(13.9) Polearms
 - Level 0.8 Throwing
 - Level 0.8 Armour
 + Level 16.0 Dodging
 - Level 12.0 Stealth
 - Level 4.0 Shields
 - Level 2.0 Spellcasting
 - Level 2.6 Translocations


You had 10 spell levels left.
You knew the following spells:

 Your Spells              Type           Power      Damage    Failure   Level
a - Blink                 Tloc           20%        N/A       16%         2
b - Teleport Other        Tloc           10%        N/A       30%         3
c - Manifold Assault      Tloc           10%        N/A       96%         5

Your spell library contained the following spells:

 Spells                   Type           Power      Damage    Failure   Level
 Gell's Gravitas          Tloc           10%        N/A       30%         3
 Lesser Beckoning         Tloc           10%        N/A       30%         3
 Corpse Rot               Necr/Air       2%         N/A       43%         2
 Ensorcelled Hibernation  Hex/Ice        2%         N/A       43%         2
 Passwall                 Tmut/Erth      0%         N/A       43%         2
 Sublimation of Blood     Necr           1%         N/A       43%         2
 Wereblood                Tmut           1%         N/A       43%         2
 Portal Projectile        Hex/Tloc       12%        N/A       47%         3
 Call Canine Familiar     Summ           1%         N/A       67%         3
 Conjure Flame            Conj/Fire      1%         6-21      67%         3
 Dazzling Flash           Conj/Hex       2%         N/A       67%         3
 Ignite Poison            Fire/Tmut/Pois 1%         N/A       67%         3
 Swiftness                Air            1%         N/A       67%         3
 Tukima's Dance           Hex            1%         N/A       67%         3
 Iskenderun's Mystic Bla  Conj/Tloc      6%         2d4       87%         4
 Anguish                  Hex/Necr       0%         N/A       97%         4
 Dispel Undead            Necr           1%         3d6       97%         4
 Leda's Liquefaction      Hex/Erth       0%         N/A       97%         4
 Olgreb's Toxic Radiance  Pois           1%         N/A       97%         4
 Sticky Flame             Conj/Fire      1%         2d3       97%         4
 Summon Forest            Summ/Tloc      3%         N/A       99%         5
 Alistair's Intoxication  Tmut/Pois      0%         N/A       100%        5
 Lee's Rapid Deconstruct  Erth           0%         3d5*      100%        5
 Summon Mana Viper        Hex/Summ       1%         N/A       100%        5
 Yara's Violent Unravell  Hex/Tmut       0%         3d3       100%        5
 Death Channel            Necr           0%         N/A       100%        6
 Starburst                Conj/Fire      0%         6d3       100%        6
 Statue Form              Tmut/Erth      0%         N/A       100%        6
 Summon Cactus Giant      Summ           0%         N/A       100%        6
 Enfeeble                 Hex            0%         N/A       100%        7
 Ozocubu's Refrigeration  Ice            0%         4d5       100%        7
 Summon Hydra             Summ           0%         N/A       100%        7
 Ignition                 Fire           0%         3d3       100%        8


Dungeon Overview and Level Annotations

Branches:
Dungeon (15/15)            Temple (1/1) D:4            Lair (6/6) D:11
  Swamp (1/4) Lair:2       Spider (4/4) Lair:3        Slime (0/5) Lair:6
    Orc (2/2) D:10            Elf (0/3) Orc:2        Vaults (0/5) D:13
 Depths (0/4) D:15        Ossuary (visited)           IceCv (visited)
Gauntlet (visited)

Altars:
Ashenzari
Cheibriados
Dithmenos
Elyvilon
Fedhas
Gozag
Hepliaklqana
Kikubaaqudgha
Makhleb
Nemelex Xobeh
Okawaru
Qazlal
Ru
Sif Muna
Trog
Uskayaw
Vehumet
Wu Jian
Xom
Yredelemnul
Zin
The Shining One
Beogh
Jiyva

Shops:
D:4 =(!(*   D:6 *[   Orc:2 :?==

Annotations:
D:14 3 runed translucent doors, sizableburger's ghost, adept DgCj
D:15 3 runed translucent doors
Lair:3 2 transporters, Lupesig's ghost, journeyman MiFi
Lair:4 1 runed translucent door, Kesmoz's ghost, journeyman MfBe
Lair:6 1 runed translucent door
Spider:4 Asterion


Innate Abilities, Weirdness & Mutations

You are mostly covered in slimy green scales. (AC +3)
You may rarely emit foul miasma when damaged in melee.
You regenerate a little health from kills.
Your magical and physical power is slightly enhanced at high health.
You have a tail ending in a sharp stinger.
You have an increased reservoir of magic. (+10% MP)


Message History

You slash Asterion!
You tail-slap Asterion, but do no damage.
Asterion is heavily wounded.
You hit the cacodemon but do no damage.
Your smoke demon hits the cacodemon but does no damage.
Your smoke demon barely misses the cacodemon.
Your smoke demon hits the cacodemon but does no damage.
Asterion is engulfed in dark miasma.
Asterion looks as sick as possible!
Asterion seems to slow down.
Asterion misses you. Asterion barely misses you. Asterion blocks your attack.
Asterion is heavily wounded.
You hit the cacodemon.
Visions of slaying the cacodemon flood into your mind.
The orb spider weaves a glowing orb of energy.
The cacodemon misses you.
The cacodemon hits you but does no damage.
Your smoke demon misses the cacodemon.
Your smoke demon hits the cacodemon but does no damage.
Your smoke demon closely misses the cacodemon.
An orb of destruction comes into view.
Unknown command.
Asterion blocks your attack.
Asterion is heavily wounded.
You barely miss the cacodemon.
Asterion is engulfed in dark miasma.
Asterion looks as sick as possible!
Asterion misses you. You block Asterion's attack.
The cacodemon closely misses you. You block the cacodemon's attack.
Your smoke demon gestures at the cacodemon.
The cacodemon is smitten.
Unknown command.
You hit Asterion but do no damage.
Asterion is heavily wounded.
You barely miss the cacodemon. Asterion completely misses you.
You block Asterion's attack. You block the cacodemon's attack.
The cacodemon hits you but does no damage.
Unknown command.
You completely miss Asterion.
Asterion is heavily wounded.
You hit the cacodemon but do no damage. The orb of destruction hits you!!!
You die...

.#...^....#^...
..^..^.......8.
..............
...#...#...#
#.....ss..#
#.....°..#
#.H†○○..#
#.#@.3..#
#...2...#
#.^.....#
#.#....^..#
#..^<$...##
#..^.#...##
###.....##
#.#..## ######


You could see Asterion (fast, extremely poisoned, slow), a cacodemon (summoned,
mesmerising, ally target), 2 orb spiders and a friendly smoke demon (summoned).

Vanquished Creatures
  An orc warlord (Orc:2)
  3 emperor scorpions
  The ghost of Poshitef the Frost Mage, a journeyman DsIE of Sif Muna (D:13)
  2 broodmothers
  A stone giant (D:15)
  2 entropy weavers (Spider:1)
  A white draconian (IceCv)
  A minotaur (Gauntlet)
  Snorg (D:10)
  Erolcha (Orc:2)
  Harold (D:7)
  4 jorogumos
  8 boulder beetles
  13 hydras
  A radroach (Spider:2)
  5 two-headed ogres
  5 centaur warriors
  3 tengu warriors (D:15)
  2 death yaks
  5 orc high priests (Orc:2)
  The ghost of bladeefan the Fighter, a novice DsFi of Yredelemnul (D:8)
  A sun moth (Spider:3)
  A pharaoh ant (Spider:1)
  3 steelbarb worms (Spider:2)
  A goliath frog (Lair:6)
  An orb spider (Spider:2)
  Pikel (D:6)
  2 spectral wolf spiders (D:13)
  A deep elf pyromancer (D:14)
  8 orc knights
  4 orc sorcerers
  11 ugly things
  8 wolf spiders
  2 moths of wrath (Spider:3)
  6 manticores
  A spectral centaur (D:13)
  Maurice (D:12)
  7 black mambas
  8 elephants
  4 cyclopes
  3 ice statues
  A torpor snail (Lair:3)
  Maggie (D:6)
  28 cane toads
  15 komodo dragons
  9 rime drakes
  A rime drake (shapeshifter) (D:15)
  5 demonic crawlers
  A redback zombie (D:13)
  2 polar bears (D:14)
  A bloated husk (Swamp:1)
  16 meliai
  3 hornets
  5 trolls
  A wolf spider simulacrum (D:12)
  3 tyrant leeches (Lair:6)
  12 tarantellas
  10 slime creatures
  9 dream sheep
  3 meliai zombies
  31 blink frogs
  13 culicivoras
  2 spriggans (D:8)
  13 jumping spiders
  2 shadows
  A wraith (D:11)
  3 centaur simulacra
  A water elemental (D:15)
  67 yaks
  5 wyverns
  A fire elemental (Spider:3)
  6 basilisks
  39 redbacks
  16 vampire mosquitoes
  10 wargs
  Menkaure (D:4)
  A swamp worm (Lair:2)
  A warg (shapeshifter) (Spider:1)
  A naga (Lair:1)
  4 acid dragons
  Edmund (D:4)
  A harpy simulacrum (D:13)
  2 hell hounds (Spider:3)
  20 water moccasins
  Duvessa (D:6)
  2 ice beasts
  A meliai simulacrum (D:13)
  3 black bears
  41 orc warriors
  The ghost of parzival7114810 the Chopper, an amateur HOMo (D:3)
  3 necrophages
  13 ogres
  16 wolves
  7 centaurs
  2 lemures (D:6)
  17 bullfrogs
  A kobold brigand (D:6)
  3 scorpions
  A gnoll sergeant (D:9)
  A wyvern zombie (D:9)
  3 water moccasin zombies (Ossuary)
  A wyvern skeleton (D:5)
  Dowan (D:6)
  5 lindwurm simulacra (IceCv)
  2 elephant simulacra (Lair:4)
  5 wights
  6 electric eels
  3 howler monkeys
  5 centaur zombies
  4 hounds
  4 jellies
  8 komodo dragon simulacra (IceCv)
  Crazy Yiuf (D:7)
  30 orc priests
  2 bullfrog skeletons (D:5)
  2 centaur skeletons (D:6)
  Jessica (D:2)
  Natasha (thrice) (D:3)
  7 iguanas
  7 orc wizards
  A polar bear simulacrum (Lair:4)
  2 mummies (Ossuary)
  Robin (D:2)
  A howler monkey zombie (D:8)
  14 adders
  8 gnolls
  4 acid dragon simulacra (IceCv)
  A shadow imp (D:7)
  A white imp (D:6)
  An ufetubus (D:4)
  4 steam dragon simulacra (IceCv)
  6 adder zombies (Ossuary)
  3 worms
  3 dart slugs
  132 orcs
  14 ball pythons
  9 bats
  6 endoplasms
  6 giant cockroaches
  5 gnoll zombies (Ossuary)
  18 goblins
  6 hobgoblins
  15 jackals
  5 quokkas
  2 frilled lizards
  7 hobgoblin zombies (Ossuary)
  15 kobolds
  2 kobold zombies (Ossuary)
  5 orc zombies (Ossuary)
  A quokka skeleton (D:4)
  4 rats
1019 creatures vanquished.

Vanquished Creatures (collateral kills)
  An emperor scorpion (Spider:2)
  A ghost moth (Spider:2)
  2 broodmothers
  Azrael (Spider:3)
  An entropy weaver (Spider:4)
  6 boulder beetles
  2 jorogumos
  5 orb spiders
  2 steelbarb worms (Spider:1)
  A wolf spider (Spider:3)
  An oklob plant (D:13)
  A torpor snail (Spider:1)
  4 demonic crawlers
  2 meliai
  5 tarantellas
  7 jumping spiders
  4 culicivoras
  3 yaks (Lair:2)
  2 fire elementals (Spider:3)
  18 redbacks
  2 hell hounds (Spider:3)
  An oklob sapling (D:13)
72 creatures vanquished.

Vanquished Creatures (others)
  A hydra (Lair:2)
  A redback simulacrum (D:13)
  An orc priest (Orc:2)
  An orc (Orc:2)
  A bush (D:13)
  35 fungi
  100 plants
  17 withered plants (Gauntlet)
157 creatures vanquished.

Grand Total: 1248 creatures vanquished

Notes
Turn   | Place    | Note
-------+----------+-------------------------------------------
     0 | D:1      | Shayle the Demonspawn Warper began the quest for the Orb.
     0 | D:1      | Reached XP level 1. HP: 16/16 MP: 3/3
   453 | D:1      | Reached skill level 1 in Stealth
   470 | D:1      | Gained mutation: You regenerate a little health from kills.
                  | [demonic ancestry]
   470 | D:1      | Reached XP level 2. HP: 18/23 MP: 5/5
   535 | D:1      | Found a faded altar of an unknown god.
  1230 | D:1      | Gained mutation: You may rarely emit foul miasma when
                  | damaged in melee. [demonic ancestry]
  1230 | D:1      | Reached XP level 3. HP: 28/28 MP: 6/6
  1406 | D:2      | Noticed Jessica
  1529 | D:2      | Killed Jessica
  1530 | D:2      | Reached skill level 3 in Fighting
  1746 | D:2      | Noticed Robin
  1764 | D:2      | Reached XP level 4. HP: 30/35 MP: 7/7
  1978 | D:3      | Reached skill level 1 in Shields
  2262 | D:2      | Reached XP level 5. HP: 41/42 MP: 8/8
  2631 | D:3      | Noticed Natasha
  2640 | D:3      | Killed Natasha
  2729 | D:3      | Found a sacrificial altar of Ru.
  2730 | D:3      | Noticed Natasha
  2742 | D:3      | Killed Natasha
  2743 | D:3      | Reached skill level 4 in Fighting
  2890 | D:3      | Noticed Natasha
  2901 | D:3      | Killed Natasha
  2902 | D:3      | Gained mutation: You are partially covered in slimy green
                  | scales. (AC +2) [demonic ancestry]
  2902 | D:3      | Reached XP level 6. HP: 40/48 MP: 9/9
  3001 | D:3      | Found a runed translucent door.
  3001 | D:3      | Noticed parzival7114810's ghost (amateur HOMo)
  3172 | D:4      | Found Kigoli's Weapon Boutique.
  3251 | D:4      | Found a staircase to the Ecumenical Temple.
  3257 | Temple   | Entered the Ecumenical Temple
  3288 | D:4      | Noticed Edmund
  3309 | D:4      | Killed Edmund
  3387 | D:4      | Found Enockiapp's Antique Weapon Emporium.
  3533 | D:4      | Found a sand-covered staircase.
  3539 | Ossuary  | Entered an ossuary
  3662 | Ossuary  | Reached XP level 7. HP: 35/55 MP: 10/10
  3804 | Ossuary  | Reached skill level 5 in Fighting
  4648 | D:2      | Killed Robin
  5125 | D:4      | Found Fism's Distillery.
  5128 | D:4      | Found a sparkling altar of Nemelex Xobeh.
  5133 | D:4      | Bought a potion of curing for 33 gold pieces
  5133 | D:4      | Bought a potion of curing for 33 gold pieces
  5398 | D:4      | Noticed Menkaure
  5549 | D:4      | Found Mirademi's Assorted Antiques.
  5566 | D:4      | Reached skill level 5 in Stealth
  5814 | D:4      | Found Keruquik's Jewellery Boutique.
  5879 | D:5      | Entered Level 5 of the Dungeon
  6030 | D:5      | Reached skill level 6 in Fighting
  6030 | D:5      | Reached XP level 8. HP: 63/64 MP: 11/11
  6581 | D:5      | Reached skill level 7 in Fighting
  7166 | D:6      | Found Weyppu's Armour Shop.
  7294 | D:6      | Noticed Duvessa
  7311 | D:6      | Killed Duvessa
  7425 | D:6      | Noticed Dowan
  7444 | D:6      | Killed Dowan
  7445 | D:6      | Gained mutation: You are mostly covered in slimy green
                  | scales. (AC +3) [demonic ancestry]
  7445 | D:6      | Reached XP level 9. HP: 66/74 MP: 12/12
  7511 | D:6      | Reached skill level 8 in Fighting
  7622 | D:6      | Found Oramus's Gadget Gallery.
  7630 | D:6      | Bought a wand of paralysis (2) for 40 gold pieces
  7630 | D:6      | Bought a wand of paralysis (2) for 40 gold pieces
  7630 | D:6      | Bought a wand of flame (14) for 80 gold pieces
  7793 | D:6      | Noticed Maggie
  7904 | D:4      | Killed Menkaure
  8665 | D:7      | Noticed Harold
  8676 | D:7      | Killed Harold
  8845 | D:6      | Noticed Pikel
  8892 | D:6      | Killed Pikel
  8893 | D:6      | Reached skill level 9 in Fighting
  9994 | D:7      | Reached XP level 10. HP: 77/83 MP: 13/13
 10053 | D:7      | Found a runed translucent door.
 10054 | D:7      | Noticed Crazy Yiuf
 10056 | D:7      | Identified the +7 mace of the Brain {venom, rElec Dex+5
                  | SInv}
 10397 | D:6      | Killed Maggie
 10747 | D:8      | Noticed a two-headed ogre
 11067 | D:8      | Reached skill level 5 in Dodging
 11109 | D:8      | Found an ornate altar of the Wu Jian Council.
 11133 | D:8      | Became a worshipper of the Wu Jian Council
 11763 | D:8      | Found a runed translucent door.
 11771 | D:8      | Noticed bladeefan's ghost (novice DsFi)
 11772 | D:8      | Identified the +7 trident of the Beginning {vorpal, +Blink
                  | Fly rPois Int-5}
 12267 | D:9      | Reached skill level 10 in Fighting
 12273 | D:9      | Found a shadowy altar of Dithmenos.
 12610 | D:9      | Noticed a two-headed ogre
 12778 | D:9      | Found a broken altar of Ashenzari.
 12859 | D:10     | Entered Level 10 of the Dungeon
 13088 | D:9      | Reached * piety under Wu Jian
 13089 | D:9      | Reached skill level 10 in Stealth
 13441 | D:9      | Killed a two-headed ogre
 13442 | D:9      | Reached XP level 11. HP: 81/92 MP: 14/14
 13495 | D:9      | Reached ** piety under Wu Jian
 13588 | D:8      | Killed a two-headed ogre
 13589 | D:8      | Reached skill level 11 in Fighting
 13694 | D:7      | Killed Crazy Yiuf
 14024 | D:10     | Learned a level 2 spell: Blink
 14028 | D:10     | Learned a level 3 spell: Teleport Other
 14034 | D:10     | Learned a level 5 spell: Manifold Assault
 14403 | D:10     | Noticed Snorg
 14688 | D:11     | Found a staircase to the Lair.
 14848 | Lair:1   | Entered Level 1 of the Lair of Beasts
 14999 | Lair:1   | Noticed Sonja
 15015 | Lair:1   | Cast into level 1 of the Abyss (Sonja)
 15142 | Abyss:2  | Noticed a large abomination
 15150 | Abyss:2  | Noticed a thrashing horror
 15165 | Abyss:2  | Noticed a wretched star
 15169 | Abyss:2  | Noticed a starcursed mass
 15218 | Abyss:3  | Noticed a starcursed mass
 15261 | Abyss:4  | Noticed a kraken
 15282 | Abyss:4  | Noticed a starcursed mass
 15296 | Abyss:5  | Entered Level 5 of the Abyss
 15326 | Lair:1   | Escaped the Abyss
 15346 | Lair:1   | You fall into a shaft and drop 1 floor!
 15564 | Lair:2   | Reached skill level 12 in Fighting
 15645 | Lair:2   | Reached *** piety under Wu Jian
 15766 | Lair:1   | Reached XP level 12. HP: 67/102 MP: 15/15
 15815 | Lair:1   | Identified the +7 morningstar of the First Demons {flame,
                  | SInv Stlth+}
 15821 | Lair:1   | Noticed Sonja
 15821 | Lair:1   | Sonja changed into Sonja the naga
 15840 | Lair:1   | Killed Sonja the naga
 15920 | Lair:1   | Noticed an eight-headed hydra
 16018 | Lair:2   | Reached skill level 1 in Polearms
 16143 | Lair:2   | Noticed a six-headed hydra
 16321 | Lair:2   | Noticed a seven-headed hydra
 16392 | Lair:2   | Noticed a four-headed hydra
 16400 | Lair:2   | Killed a four-headed hydra
 16471 | Lair:2   | Noticed an eight-headed hydra
 16481 | Lair:2   | Killed an eight-headed hydra
 16821 | Lair:2   | Noticed an eight-headed hydra
 16821 | Lair:2   | Noticed an eight-headed hydra
 16891 | Lair:2   | Killed a seven-headed hydra
 16940 | Lair:1   | Killed an eight-headed hydra
 17009 | Lair:1   | Reached skill level 13 in Fighting
 17058 | Lair:1   | Found an ancient bone altar of Kikubaaqudgha.
 17410 | D:11     | Noticed a five-headed hydra
 17420 | D:11     | Killed a five-headed hydra
 17981 | D:12     | Reached skill level 10 in Dodging
 17987 | D:12     | Reached skill level 5 in Polearms
 18091 | D:12     | Noticed Maurice
 18099 | D:12     | Killed Maurice
 18643 | Lair:3   | Noticed Lupesig's ghost (journeyman MiFi)
 18669 | Lair:3   | Found a transporter.
 18672 | Lair:3   | Found a transporter.
 18699 | Lair:3   | Reached **** piety under Wu Jian
 18865 | Lair:3   | Gained mutation: You have a small tail. [demonic ancestry]
 18865 | Lair:3   | Reached XP level 13. HP: 111/111 MP: 16/16
 18965 | Lair:3   | Identified the +10 mace of Ancient Evil {vorpal, Dex+5}
 19060 | Lair:3   | Identified the +2 robe of the Sun {Int+9 Stlth-}
 19604 | Lair:3   | Found a hole to the Spider Nest.
 19735 | Lair:3   | Reached skill level 14 in Fighting
 19812 | Lair:3   | Reached ***** piety under Wu Jian
 20287 | Lair:4   | Found a gate leading to a gauntlet.
 20306 | Gauntlet | Entered a Gauntlet
 20306 | Gauntlet | Found a large runed translucent door.
 20306 | Gauntlet | Found a large runed translucent door.
 20306 | Gauntlet | Found a large runed translucent door.
 20306 | Gauntlet | Found a large runed translucent door.
 20306 | Gauntlet | Found a runed translucent door.
 20306 | Gauntlet | Found a large runed translucent door.
 20306 | Gauntlet | Found a large runed translucent door.
 20306 | Gauntlet | Found a transporter.
 20306 | Gauntlet | Found a transporter.
 20306 | Gauntlet | Found a large runed translucent door.
 20306 | Gauntlet | Found a large runed translucent door.
 20306 | Gauntlet | Found a runed translucent gate.
 20306 | Gauntlet | Found a runed translucent gate.
 20306 | Gauntlet | Found a transporter.
 20324 | Gauntlet | Found a transporter.
 20326 | Gauntlet | Found a transporter.
 20336 | Gauntlet | Found a transporter.
 20340 | Gauntlet | Found a transporter.
 20350 | Gauntlet | Found a transporter.
 20372 | Gauntlet | Found a transporter.
 20389 | Gauntlet | Found a transporter.
 20393 | Gauntlet | Found a transporter.
 20407 | Gauntlet | Found a transporter.
 20413 | Gauntlet | Found a runed translucent gate.
 20414 | Gauntlet | Found a large runed translucent door.
 20414 | Gauntlet | Found a large runed translucent door.
 20415 | Gauntlet | Found a large runed translucent door.
 20416 | Gauntlet | Found a large runed translucent door.
 20420 | Gauntlet | Found a large runed translucent door.
 20420 | Gauntlet | Found a large runed translucent door.
 20420 | Gauntlet | Found a runed translucent door.
 20421 | Gauntlet | Found a large runed translucent door.
 20422 | Gauntlet | Found a large runed translucent door.
 20603 | Gauntlet | Noticed a minotaur
 20611 | Gauntlet | Killed a minotaur
 20622 | Gauntlet | Identified the +1 troll leather armour of Daisies {+Blink
                  | rF+ rN+ Regen+}
 20626 | Gauntlet | Identified the +2 ring mail of the Harvest Moon {+Inv
                  | rPois}
 20716 | Lair:4   | Found a frozen archway.
 20723 | IceCv    | Entered an ice cave
 21678 | IceCv    | Noticed a white draconian
 21927 | IceCv    | Killed a white draconian
 22515 | D:10     | Found a staircase to the Orcish Mines.
 22538 | Orc:1    | Entered Level 1 of the Orcish Mines
 22634 | D:10     | Killed Snorg
 22752 | D:10     | Found a burning altar of Makhleb.
 22760 | D:10     | Found an iron altar of Okawaru.
 23423 | D:12     | Identified the +9 dagger of the Elven Halls {freeze, rPois
                  | Will+}
 23589 | D:13     | Reached XP level 14. HP: 110/121 MP: 17/17
 24514 | D:13     | Reached skill level 15 in Fighting
 24574 | D:13     | Found a runed translucent gate.
 24574 | D:13     | Found a runed translucent gate.
 24575 | D:13     | Found a runed translucent gate.
 24585 | D:13     | Noticed Poshitef's ghost (journeyman DsIE)
 24682 | D:13     | Found a gate to the Vaults.
 24970 | D:13     | Paralysed by a hornet for 2 turns
 25237 | D:3      | Killed parzival7114810's ghost
 25413 | D:8      | Killed bladeefan's ghost
 25743 | D:13     | Killed Poshitef's ghost
 25770 | D:13     | Identified the +1 giant spiked club "Ubreawn" {freeze, MP-9
                  | Int+6}
 26219 | Lair:4   | Found a runed translucent door.
 26930 | Lair:4   | Noticed Kesmoz's ghost (journeyman MfBe)
 27123 | Lair:5   | Identified the ring of Huer {rCorr AC+4}
 27384 | Lair:5   | Reached ****** piety under Wu Jian
 28320 | Lair:6   | Entered Level 6 of the Lair of Beasts
 28753 | Lair:6   | Reached skill level 10 in Polearms
 28757 | Lair:6   | Reached skill level 16 in Fighting
 28792 | Lair:6   | Found a runed translucent door.
 28792 | Lair:6   | Found a viscous altar of Jiyva.
 28922 | Lair:6   | Gained mutation: You have a tail ending in a sharp stinger.
                  | [demonic ancestry]
 28922 | Lair:6   | Reached XP level 15. HP: 102/131 MP: 18/18
 29424 | Lair:6   | Found a staircase to the Slime Pits.
 29715 | Lair:2   | Found a staircase to the Swamp.
 30089 | Orc:2    | Entered Level 2 of the Orcish Mines
 30450 | Orc:2    | Found Iluntoydi's Jewellery Boutique.
 30519 | Orc:2    | Found Ynats's Jewellery Shop.
 30795 | Orc:2    | Got Sif Muna's Collected Works on Mutagenic Stones
 30913 | Orc:2    | Found Geteyro's Book Emporium.
 31018 | Orc:2    | Noticed an orc warlord
 31050 | Orc:2    | Killed an orc warlord
 31066 | Orc:2    | Found Sylekuc's Magic Scroll Shop.
 31428 | Orc:2    | Noticed Erolcha
 31442 | Orc:2    | Killed Erolcha
 31593 | Orc:2    | Found a staircase to the Elven Halls.
 32081 | Swamp:1  | Entered Level 1 of the Swamp
 32426 | D:14     | Reached skill level 17 in Fighting
 32485 | D:14     | Found a runed translucent gate.
 32485 | D:14     | Found a runed translucent gate.
 32485 | D:14     | Found a runed translucent gate.
 32486 | D:14     | Noticed sizableburger's ghost (adept DgCj)
 33054 | D:14     | Found a bloodstained altar of Trog.
 33214 | D:15     | Entered Level 15 of the Dungeon
 33488 | D:15     | Found a runed translucent gate.
 33488 | D:15     | Found a runed translucent gate.
 33488 | D:15     | Found a runed translucent gate.
 33590 | D:15     | Gained mutation: Your magical and physical power is
                  | slightly enhanced at high health. [demonic ancestry]
 33590 | D:15     | Reached XP level 16. HP: 141/141 MP: 19/19
 34274 | D:15     | Found a staircase to the Depths.
 34800 | Spider:1 | Entered Level 1 of the Spider Nest
 35013 | D:4      | Bought the +14 obsidian axe {vorpal, Mesm Drain Fly SInv}
                  | for 2259 gold pieces
 35013 | D:4      | Found the +14 obsidian axe {vorpal, Mesm Drain Fly SInv}
 35353 | Spider:1 | Identified the +7 long sword of Rasugati {vorpal, Drain rF+
                  | Will+ SInv}
 35534 | Spider:1 | Identified the +10 falchion "With Two Names" {protect,
                  | Dex+4}
 35879 | Spider:1 | Reached skill level 15 in Dodging
 36483 | Spider:2 | Reached skill level 18 in Fighting
 37114 | Spider:2 | You are sucked into a shaft and drop 1 floor!
 37657 | Spider:3 | Reached XP level 17. HP: 151/151 MP: 20/20
 38138 | Spider:3 | Noticed Azrael
 38150 | Spider:3 | Killed Azrael
 38532 | Spider:4 | Entered Level 4 of the Spider Nest
 38549 | Spider:4 | Noticed Asterion
 38561 | Spider:4 | Gained mutation: You have an increased reservoir of magic.
                  | (+10% MP) [a cacodemon]
 38569 | Spider:4 | Blown up by an orb spider

Illustrated notes

Levels and vault maps discovered:
D:1:      scummos_arrival_forest, layout_basic, ebering_ecumenical_altar_webs
D:2:      layout_loops_ring, kennysheep_generic_room_6, uniq_jessica, uniq_robin
D:3:      layout_loops_cross, mainiacjoe_overflow_24_doors,
          gammafunk_ghost_grave, uniq_natasha
D:4:      layout_loops_corners, mainiacjoe_overflow_alcove_1,
          nemelex_xobeh_ov_fountains_minmay, minmay_temple_entry_hall,
          nicolae_ossuary_entry_plus, serial_shops, nicolae_square_shop, shop,
          shop, kennysheep_little_box, nicolae_shop_crystal, uniq_edmund,
          uniq_menkaure
D:5:      layout_basic
D:6:      layout_basic, serial_shops,
          nicolae_shop_temple_entry_statues_fountains, kennysheep_doodads,
          nicolae_shop_gadgets, uniq_maggie, uniq_duvessa, uniq_pikel
D:7:      layout_loops_ring, uniq_harold, uniq_crazy_yiuf_cottage
D:8:      layout_basic, nicolae_wu_jian_wuxing_cycle,
          ebering_ghost_funeral_grove
D:9:      layout_roguey [special_room_orc], ashenzari_altar_1,
          old_standard_altar, special_room [special_room_orc]
D:10:     layout_big_octagon, minitemple, minmay_orc_entry_guard_dogs,
          nrook_pool_corridor, uniq_snorg
D:11:     layout_basic, david_lair_generic, nicolae_sextant,
          chequers_serial_rivers_micro_e
D:12:     layout_grid_maze, uniq_maurice
D:13:     layout_basic, david_vaults_1, gammafunk_ghost_necromancy,
          introduction_to_nature_2
D:14:     layout_cave_pools, ebering_ghost_rock_garden,
          minmay_staircase_windowed_large, trog_ov_bears_minmay
D:15:     grunt_enter_depths_snipers, layout_basic, small_statue_intersection,
          ploomutoo_gammafunk_ghost_potion_laboratory
Temple:   eino_temple_lava
Lair:1:   layout_misc_corridors, basic_altar, uniq_sonja
Lair:2:   layout_small_grid, palyth_hydra_swamp_entry, serial_rivers,
          chequers_serial_rivers_micro_d, chequers_serial_rivers_micro_d,
          chequers_serial_rivers_room_b, chequers_serial_rivers_micro_e,
          chequers_serial_rivers_large_a
Lair:3:   layout_cave_pods, hellmonk_spider_entry_life_and_decay,
          nzn_ghost_randoct, minmay_shattered_shrine, serial_bayou_shore_a
Lair:4:   layout_loops_ring, gauntlet_entry_generic,
          portal_ice_cave_entry_ice_simulacra, enter_volcano_2,
          ebering_ghost_reflecting_pool, grunt_megastairs_1
Lair:5:   layout_small_grid, chequers_serial_rivers_micro_c, beast_lair_carwin_7
Lair:6:   minmay_lair_end_frog_pond, layout_regular_city, slime_altar_2
Swamp:1:  layout_basic_swamp, gammafunk_ghost_wrathful_warriors,
          hangedman_swamp_ruin_hall, swamp_pool3,
          nicolae_swamp_hydra_murder_den, infiniplex_staircase_pool_2
Spider:1: nicolae_spider_hilbert_zone_2 [nicolae_spider_hilbert_4_sides_1_open,
          nicolae_spider_hilbert_4_sides_1_open,
          nicolae_spider_hilbert_4_sides_1_open,
          nicolae_spider_hilbert_4_sides_1_open,
          nicolae_spider_hilbert_6_sides_1_open,
          nicolae_spider_hilbert_6_sides_1_open,
          nicolae_spider_hilbert_3_sides_1_open,
          nicolae_spider_hilbert_3_sides_1_open,
          nicolae_spider_hilbert_3_sides_1_open,
          nicolae_spider_hilbert_3_sides_1_open,
          nicolae_spider_hilbert_6_sides_1_open,
          nicolae_spider_hilbert_6_sides_1_open,
          nicolae_spider_hilbert_6_sides_1_open,
          nicolae_spider_hilbert_6_sides_1_open], drop_trap
Spider:2: layout_spider_delve, nicolae_spider_rock_and_or_roll
Spider:3: layout_spider_delve, guppyfry_spider_mini_2,
          hangedman_spider_tarantella_strand, uniq_azrael
Spider:4: floodkiller_spider_rune_tomb, uniq_asterion
Orc:1:    layout_caves
Orc:2:    pubby_orc_utopia, uniq_erolcha

Skill      XL: |  1  2  3  4  5  6  7  8  9 10 11 12 13 14 15 16 17 |
---------------+----------------------------------------------------+-----
Stealth        | 1 2 3 4 5 7 9 10 11 12 | 12.0
Fighting       | 3 4 6 7 9 10 12 13 14 16 17 18 | 18.8
Shields        | 1 2 3 4 |  4.0
Dodging        | 4 6 8 10 11 13 14 15 16 | 16.0
Polearms       | 5 8 10 11 13 | 13.8
Axes           | |  1.7
Throwing       | |  0.8
Armour         | |  0.8
Spellcasting   | |  2.0
Translocations | |  2.6

Action                   |  1- 3 |  4- 6 |  7- 9 | 10-12 | 13-15 | 16-18 || total
-------------------------+-------+-------+-------+-------+-------+-------++-------
Melee: Hand axe          |    41 |       |    20 |       |       |       ||    61
       Dagger            |    75 |   260 |   375 |     9 |   206 |       ||   925
       Punch             |     2 |       |       |       |       |       ||     2
       Demon trident     |       |       |   238 |   698 |  1257 |    76 ||  2269
       Mace              |       |       |       |    85 |   125 |       ||   210
       Morningstar       |       |       |       |   150 |   608 |       ||   758
       Tailslap          |       |       |       |       |   374 |    97 ||   471
       Broad axe         |       |       |       |       |       |   400 ||   400
Throw: Boomerang         |       |       |     2 |     3 |       |       ||     5
       Dart              |       |       |       |     2 |       |       ||     2
Invok: Lunge             |       |       |       |    45 |   116 |    23 ||   184
       Whirlwind         |       |       |       |    24 |   522 |    16 ||   562
       Heavenly Storm    |       |       |       |       |     2 |       ||     2
       Serpent's Lash    |       |       |       |       |     1 |       ||     1
 Abil: Wall Jump         |       |       |       |     1 |    28 |       ||    29
Evoke: Wand              |       |       |     8 |    13 |    13 |     1 ||    35
       Condenser vane    |       |       |       |       |     2 |       ||     2
  Use: Scroll            |       |       |    15 |     9 |    11 |     2 ||    37
       Potion            |       |       |     6 |     3 |    10 |     3 ||    22
 Stab: Sleeping          |     3 |    10 |    20 |    22 |    46 |    16 ||   117
       Paralysed         |       |       |     3 |       |       |       ||     3
       Invisible         |       |       |     1 |       |       |       ||     1
       Distracted        |       |       |       |     6 |     7 |    10 ||    23
Armor: Leather armour    |    28 |       |       |       |   106 |       ||   134
       Robe              |     5 |    91 |   247 |    82 |       |       ||   425
       Acid dragon scale |       |       |       |   495 |   105 |       ||   600
       Troll leather arm |       |       |       |       |   529 |   292 ||   821
Dodge: Dodged            |    60 |   112 |   311 |   796 |  1611 |   548 ||  3438
Block: Buckler           |     3 |    39 |   138 |   311 |   504 |   212 ||  1207

Table legend: (Time is in decaauts)
 A = Elapsed time spent in this place.
 B = Non-inter-level travel time spent in this place.
 C = Inter-level travel time spent in this place.
 D = Time resting spent in this place.
 E = Time spent auto-exploring this place.
 F = Levels seen in this place.
 G = Mean time per level.
                   A        B        C        D        E       F      G
               +--------+--------+--------+--------+--------+-----+--------+
         Total |  39581 |  35704 |   3877 |   6273 |  13327 |  37 | 1069.8 |
       Dungeon |  21768 |  19207 |   2561 |   3813 |   7441 |  15 | 1451.2 |
        Temple |     27 |     27 |      0 |      0 |      0 |   1 |   27.0 |
          Lair |   9277 |   8155 |   1122 |    530 |   3455 |   6 | 1546.2 |
         Swamp |      8 |      8 |      0 |      0 |      0 |   1 |    8.0 |
   Spider Nest |   3383 |   3289 |     94 |    413 |   1861 |   4 |  845.8 |
  Orcish Mines |   2016 |   1918 |     98 |    159 |    570 |   2 | 1008.0 |
         Abyss |    313 |    313 |      0 |     37 |      0 |   5 |   62.6 |
       Ossuary |    830 |    830 |      0 |    411 |      0 |   1 |  830.0 |
      Ice Cave |   1588 |   1588 |      0 |    909 |      0 |   1 | 1588.0 |
      Gauntlet |    366 |    366 |      0 |      0 |      0 |   1 |  366.0 |
               +--------+--------+--------+--------+--------+-----+--------+

Top non-repeatable levels by time:
  Lair:3: 2281 daAuts
  Lair:2: 2235 daAuts
     D:3: 1935 daAuts
    D:13: 1822 daAuts
   Orc:2: 1817 daAuts
     D:6: 1727 daAuts
    D:12: 1692 daAuts
     D:7: 1668 daAuts
     D:9: 1666 daAuts
     D:4: 1597 daAuts
   IceCv: 1588 daAuts
     D:1: 1536 daAuts
     D:8: 1424 daAuts
    D:15: 1398 daAuts
     D:5: 1382 daAuts
